[ AOE2 MATCH · #487833132 ]
UnrankedWu vs Jurchens
[ REPLAY ANALYSIS · EXTRACTED FROM THE RECORDED GAME ]
Feudal
11:14
Castle
15:34
Imperial
45:24
| APM avg | 26.2 |
| APM peak | 70 |
| eAPM avg | 14.9 |
| Villagers / military | 185 / 485 |
Focus
⚔️ 40.5% · 🌾 59.5%
Spearman ×378 · Skirmisher ×107 · Unknown (1974) ×41 · Trade Cart ×8
Feudal
—
Castle
—
Imperial
—
| APM avg | 26.0 |
| APM peak | 50 |
| eAPM avg | 14.5 |
| Villagers / military | 144 / 185 |
Focus
⚔️ 45.0% · 🌾 55.0%
Scout Cavalry ×159 · Unknown (1908) ×124 · Steppe Lancer ×20 · Bombard Cannon ×6
Feudal
10:56
Castle
15:19
Imperial
31:00
| APM avg | 40.0 |
| APM peak | 179 |
| eAPM avg | 25.8 |
| Villagers / military | 161 / 662 |
Focus
⚔️ 58.2% · 🌾 41.8%
Spearman ×451 · Longbowman ×165 · Battering Ram ×34 · Trebuchet (Packed) ×12 · Trade Cart ×11
Feudal
10:29
Castle
16:08
Imperial
33:59
| APM avg | 61.3 |
| APM peak | 161 |
| eAPM avg | 28.0 |
| Villagers / military | 200 / 964 |
Focus
⚔️ 31.4% · 🌾 68.6%
Archer ×503 · Scout Cavalry ×359 · Knight ×89 · Trebuchet (Packed) ×9 · War Elephant ×3 · Monk ×1
Feudal
11:38
Castle
15:46
Imperial
36:48
| APM avg | 45.9 |
| APM peak | 117 |
| eAPM avg | 24.6 |
| Villagers / military | 185 / 432 |
Focus
⚔️ 65.2% · 🌾 34.8%
Unknown (1952) ×383 · Scout Cavalry ×302 · Skirmisher ×112 · Mangonel ×11 · Unknown (1942) ×8 · Monk ×7
Feudal
11:17
Castle
16:39
Imperial
40:26
| APM avg | 33.2 |
| APM peak | 66 |
| eAPM avg | 21.4 |
| Villagers / military | 167 / 899 |
Focus
⚔️ 41.5% · 🌾 58.5%
Spearman ×376 · Skirmisher ×298 · Hand Cannoneer ×201 · Flemish Militia ×11 · Bombard Cannon ×7 · Trade Cart ×4
Match map
Initial resources + every placement click. Lines = walls · curves = elevation contours. ◆ gold · ⬟ stone · ● berries · ✦ relic · ◌ wall gap
Your base· ✓ Closed at 15:34 · 4t walls · 1 gate(s)
Weed Haven's base· ✓ Closed at 16:26 · 0t walls · 1 gate(s)
deju30's base· ✓ Closed at 15:19 · 19t walls · 2 gate(s)
Lazerkats's base· ✓ Closed at 16:08 · 6t walls · no gate
Roy's base· ✓ Closed at 15:46 · 8t walls · 1 gate(s)
Camagroc's base· ✓ Closed at 16:39 · 2t walls · 2 gate(s)
Smoothed initial terrain · ◌ = detected wall gap · hover for details
Inputs per minute
— [AJJRR] Minillop - - Weed Haven
Build order — [AJJRR] Minillop
First 150 of 431 actions detected
| 0:01 | Create | Villager (Male) |
| 0:01 | Create | Villager (Male) |
| 0:04 | Build | House |
| 0:06 | Build | House |
| 0:32 | Create | Villager (Male) |
| 0:32 | Create | Villager (Male) |
| 0:32 | Create | Villager (Male) |
| 1:28 | Create | Villager (Male) |
| 2:05 | Create | Villager (Male) |
| 2:05 | Create | Villager (Male) |
| 2:14 | Build | Lumber Camp |
| 2:19 | Create | Villager (Male) |
| 2:19 | Create | Villager (Male) |
| 2:50 | Create | Villager (Male) |
| 2:51 | Create | Villager (Male) |
| 3:04 | Build | House |
| 3:10 | Create | Villager (Male) |
| 3:36 | Create | Villager (Male) |
| 3:36 | Create | Villager (Male) |
| 4:16 | Create | Villager (Male) |
| 4:16 | Create | Villager (Male) |
| 5:19 | Create | Villager (Male) |
| 5:19 | Create | Villager (Male) |
| 5:19 | Create | Villager (Male) |
| 5:19 | Create | Villager (Male) |
| 5:20 | Create | Villager (Male) |
| 5:20 | Create | Villager (Male) |
| 5:34 | Build | House |
| 5:37 | Build | Barracks |
| 5:57 | Create | Villager (Male) |
| 6:52 | Create | Villager (Male) |
| 6:52 | Create | Villager (Male) |
| 6:53 | Create | Villager (Male) |
| 7:00 | Build | House |
| 7:12 | Build | Mill |
| 7:15 | Build | Palisade Wall |
| 7:16 | Create | Villager (Male) |
| 7:17 | Create | Villager (Male) |
| 7:17 | Create | Villager (Male) |
| 7:49 | Create | Villager (Male) |
| 7:50 | Create | Villager (Male) |
| 8:05 | Build | Palisade Wall |
| 8:12 | Build | Palisade Gate |
| 8:28 | Research | Feudal Age |
| 8:35 | Build | Mining Camp |
| 8:50 | Create | Villager (Male) |
| 8:50 | Create | Villager (Male) |
| 8:51 | Create | Villager (Male) |
| 9:02 | Build | House |
| 9:09 | Build | House |
| 9:23 | Create | Villager (Male) |
| 9:26 | Research | Loom |
| 9:45 | Build | House |
| 10:32 | Build | Farm |
| 10:35 | Build | Farm |
| 10:38 | Build | Farm |
| 10:41 | Build | Farm |
| 11:14 | Age | Feudal Age |
| 11:16 | Build | Market |
| 11:18 | Create | Villager (Male) |
| 11:48 | Build | Blacksmith |
| 12:10 | Build | Farm |
| 12:54 | Research | Castle Age |
| 13:22 | Create | Villager (Male) |
| 13:59 | Research | Double-Bit Axe |
| 14:03 | Research | Horse Collar |
| 14:29 | Create | Villager (Male) |
| 14:45 | Build | Barracks |
| 15:01 | Build | Farm |
| 15:34 | Age | Castle Age |
| 15:39 | Create | Unit 1974 |
| 15:39 | Create | Unit 1974 |
| 15:46 | Create | Unit 1974 |
| 15:46 | Create | Unit 1974 |
| 16:00 | Create | Unit 1974 |
| 16:00 | Create | Unit 1974 |
| 16:21 | Build | Farm |
| 16:50 | Create | Villager (Male) |
| 16:50 | Create | Villager (Male) |
| 16:50 | Create | Villager (Male) |
| 17:28 | Create | Spearman ×5 |
| 17:30 | Research | Pikeman (upgrade) |
| 17:41 | Build | Farm |
| 17:41 | Build | Farm |
| 17:41 | Build | Farm |
| 17:42 | Build | Farm |
| 17:42 | Build | Farm |
| 17:57 | Build | House |
| 17:58 | Build | House |
| 18:00 | Build | House |
| 18:01 | Build | House |
| 18:18 | Research | Squires |
| 18:25 | Research | Scale Mail Armor |
| 18:30 | Build | House |
| 18:33 | Build | House |
| 18:40 | Create | Villager (Male) |
| 18:40 | Create | Villager (Male) |
| 19:01 | Create | Unit 1974 ×2 |
| 19:30 | Create | Unit 1974 ×2 |
| 19:51 | Create | Unit 1974 ×2 |
| 19:56 | Create | Spearman |
| 20:28 | Research | Chain Mail Armor |
| 20:47 | Create | Spearman ×2 |
| 20:59 | Create | Spearman |
| 21:11 | Research | Forging |
| 21:54 | Create | Unit 1974 ×3 |
| 22:24 | Create | Spearman |
| 22:25 | Create | Spearman |
| 22:26 | Create | Villager (Male) |
| 22:26 | Create | Villager (Male) |
| 22:40 | Create | Unit 1974 |
| 24:34 | Research | Wheelbarrow |
| 24:38 | Create | Unit 1974 ×5 |
| 26:09 | Research | Iron Casting |
| 26:13 | Create | Villager (Male) |
| 26:13 | Create | Villager (Male) |
| 26:25 | Build | Town Center |
| 27:51 | Create | Unit 1974 ×5 |
| 28:05 | Create | Villager (Male) ×4 |
| 28:09 | Create | Villager (Male) |
| 28:10 | Create | Villager (Male) |
| 28:45 | Research | Arson |
| 29:01 | Create | Unit 1974 ×3 |
| 30:28 | Build | Town Center |
| 30:38 | Create | Villager (Male) ×5 |
| 31:19 | Research | Hand Cart |
| 31:52 | Create | Spearman ×4 |
| 32:05 | Create | Villager (Male) ×3 |
| 32:05 | Create | Villager (Male) ×3 |
| 32:08 | Build | Farm |
| 32:08 | Build | Farm |
| 32:08 | Build | Farm |
| 32:08 | Build | Farm |
| 32:09 | Build | Farm |
| 32:09 | Build | Farm |
| 32:09 | Build | Farm |
| 32:09 | Build | Farm |
| 32:09 | Build | Farm |
| 32:09 | Build | Farm |
| 32:49 | Create | Unit 1974 |
| 32:49 | Create | Unit 1974 |
| 32:51 | Create | Villager (Male) |
| 32:55 | Build | Farm |
| 32:55 | Build | Farm |
| 32:55 | Build | Farm |
| 32:56 | Build | Farm |
| 32:56 | Build | Farm |
| 32:56 | Build | Farm |
| 32:56 | Build | Farm |
| 32:56 | Build | Farm |
Build order — Weed Haven
First 150 of 624 actions detected
| 0:01 | Create | Villager (Male) |
| 0:03 | Build | House |
| 0:04 | Build | House |
| 0:05 | Create | Villager (Male) |
| 0:18 | Create | Villager (Male) |
| 0:19 | Create | Villager (Male) |
| 0:19 | Create | Villager (Male) |
| 0:19 | Create | Villager (Male) |
| 1:25 | Create | Villager (Male) |
| 1:59 | Create | Villager (Male) |
| 2:35 | Create | Villager (Male) |
| 2:54 | Create | Villager (Male) |
| 2:54 | Create | Villager (Male) |
| 3:10 | Create | Villager (Male) |
| 3:19 | Build | House |
| 3:35 | Create | Villager (Male) |
| 3:56 | Create | Villager (Male) |
| 3:57 | Create | Villager (Male) |
| 3:57 | Create | Villager (Male) |
| 4:04 | Build | Lumber Camp |
| 4:52 | Create | Villager (Male) |
| 4:53 | Create | Villager (Male) |
| 6:28 | Build | Mill |
| 6:50 | Research | Feudal Age |
| 6:54 | Build | House |
| 7:24 | Build | House |
| 7:59 | Create | Villager (Male) |
| 8:13 | Research | Loom |
| 8:29 | Build | Barracks |
| 9:05 | Research | Double-Bit Axe |
| 9:07 | Create | Villager (Male) |
| 9:29 | Create | Villager (Male) |
| 9:56 | Create | Villager (Male) |
| 10:04 | Build | Stable |
| 10:21 | Create | Villager (Male) |
| 10:49 | Create | Scout Cavalry |
| 10:49 | Create | Scout Cavalry |
| 11:06 | Create | Villager (Male) |
| 11:07 | Create | Villager (Male) |
| 11:15 | Build | Mill |
| 11:22 | Build | Palisade Gate |
| 11:25 | Create | Villager (Male) |
| 11:50 | Build | Mining Camp |
| 11:58 | Build | House |
| 11:59 | Create | Villager (Male) |
| 12:05 | Create | Scout Cavalry |
| 12:07 | Create | Scout Cavalry |
| 12:09 | Create | Villager (Male) |
| 12:11 | Build | House |
| 12:13 | Build | House |
| 12:14 | Build | House |
| 12:39 | Research | Horse Collar |
| 12:54 | Build | Farm |
| 12:58 | Build | Farm |
| 13:01 | Build | Farm |
| 13:02 | Create | Villager (Male) |
| 13:25 | Build | Farm |
| 13:45 | Create | Villager (Male) |
| 13:48 | Build | Farm |
| 13:55 | Build | Farm |
| 13:59 | Create | Villager (Male) |
| 14:33 | Build | Farm |
| 14:42 | Create | Villager (Male) |
| 15:10 | Build | Market |
| 15:15 | Create | Villager (Male) |
| 16:07 | Build | Blacksmith |
| 16:08 | Create | Villager (Male) |
| 16:26 | Research | Castle Age |
| 16:38 | Build | Stable |
| 16:59 | Research | Gold Mining |
| 17:34 | Build | House |
| 17:37 | Research | Bloodlines |
| 17:40 | Research | Scale Barding Armor |
| 17:52 | Build | Farm |
| 17:55 | Build | Farm |
| 18:00 | Build | Farm |
| 18:01 | Create | Villager (Male) |
| 18:26 | Build | House |
| 18:32 | Research | Forging |
| 18:34 | Create | Villager (Male) |
| 18:58 | Build | House |
| 19:01 | Create | Villager (Male) |
| 19:08 | Create | Steppe Lancer |
| 19:08 | Create | Steppe Lancer |
| 19:15 | Create | Steppe Lancer |
| 19:15 | Create | Steppe Lancer |
| 19:31 | Build | Stable |
| 19:33 | Create | Villager (Male) |
| 19:38 | Build | Farm |
| 19:39 | Build | Farm |
| 19:44 | Create | Villager (Male) |
| 19:57 | Create | Steppe Lancer |
| 19:57 | Create | Steppe Lancer |
| 20:13 | Build | Farm |
| 20:19 | Research | Husbandry |
| 20:47 | Create | Steppe Lancer |
| 21:03 | Create | Villager (Male) |
| 21:19 | Create | Steppe Lancer |
| 21:20 | Create | Steppe Lancer |
| 21:20 | Create | Steppe Lancer |
| 21:44 | Build | Town Center |
| 21:47 | Create | Villager (Male) |
| 21:49 | Create | Villager (Male) |
| 21:51 | Create | Steppe Lancer |
| 22:19 | Create | Steppe Lancer |
| 22:19 | Create | Steppe Lancer |
| 22:25 | Build | Farm |
| 22:39 | Create | Villager (Male) |
| 22:44 | Build | Farm |
| 22:56 | Create | Villager (Male) |
| 23:07 | Create | Villager (Male) |
| 23:30 | Research | Chain Barding Armor |
| 24:04 | Create | Villager (Male) |
| 24:04 | Create | Villager (Male) |
| 24:04 | Create | Villager (Male) |
| 24:18 | Build | Town Center |
| 24:21 | Create | Villager (Male) |
| 24:32 | Create | Villager (Male) |
| 24:33 | Create | Villager (Male) |
| 24:38 | Build | Farm |
| 24:39 | Build | Farm |
| 24:40 | Build | Farm |
| 24:40 | Build | Farm |
| 24:40 | Build | Farm |
| 24:40 | Build | Farm |
| 24:40 | Build | Farm |
| 24:50 | Create | Steppe Lancer |
| 25:19 | Create | Villager (Male) |
| 25:20 | Create | Villager (Male) |
| 25:34 | Build | Farm |
| 25:36 | Build | Farm |
| 25:38 | Build | Farm |
| 25:40 | Build | Farm |
| 25:44 | Create | Villager (Male) |
| 25:45 | Create | Villager (Male) |
| 25:45 | Create | Villager (Male) |
| 26:01 | Create | Villager (Male) |
| 26:02 | Create | Villager (Male) |
| 26:17 | Create | Villager (Male) |
| 26:18 | Create | Villager (Male) |
| 26:32 | Create | Villager (Male) |
| 26:33 | Create | Villager (Male) |
| 26:36 | Build | Farm |
| 26:38 | Build | Farm |
| 26:40 | Create | Villager (Male) |
| 26:48 | Create | Steppe Lancer |
| 26:48 | Create | Steppe Lancer |
| 26:49 | Create | Steppe Lancer |
| 26:53 | Create | Villager (Male) |
| 27:00 | Research | Wheelbarrow |
Build order — deju30
First 150 of 999 actions detected
| 0:00 | Create | Villager (Male) |
| 0:01 | Create | Villager (Male) |
| 0:01 | Create | Villager (Male) |
| 0:02 | Build | House |
| 0:04 | Build | House |
| 0:11 | Create | Villager (Male) |
| 1:16 | Create | Villager (Male) |
| 1:41 | Create | Villager (Male) |
| 1:59 | Build | Lumber Camp |
| 2:11 | Build | House |
| 2:15 | Create | Villager (Male) |
| 2:48 | Create | Villager (Male) |
| 2:48 | Create | Villager (Male) |
| 2:58 | Build | House |
| 3:08 | Create | Villager (Male) |
| 3:31 | Create | Villager (Male) |
| 3:57 | Create | Villager (Male) |
| 4:11 | Create | Villager (Male) |
| 4:50 | Build | Palisade Wall |
| 4:59 | Build | Palisade Gate |
| 5:03 | Create | Villager (Male) |
| 5:14 | Build | House |
| 5:37 | Create | Villager (Male) |
| 5:44 | Build | House |
| 5:46 | Build | House |
| 5:48 | Build | House |
| 6:06 | Create | Villager (Male) |
| 6:08 | Create | Villager (Male) |
| 6:27 | Build | Mill |
| 6:55 | Create | Villager (Male) |
| 6:55 | Create | Villager (Male) |
| 7:43 | Create | Villager (Male) |
| 7:44 | Create | Villager (Male) |
| 8:28 | Build | Mining Camp |
| 8:44 | Research | Feudal Age |
| 8:58 | Build | Farm |
| 8:59 | Build | Farm |
| 9:01 | Build | Farm |
| 10:56 | Age | Feudal Age |
| 10:59 | Research | Wheelbarrow |
| 11:00 | Research | Loom |
| 11:09 | Build | Market |
| 11:53 | Build | Blacksmith |
| 12:13 | Research | Loom |
| 12:16 | Build | House |
| 12:39 | Research | Castle Age |
| 12:40 | Research | Castle Age |
| 12:42 | Research | Double-Bit Axe |
| 13:01 | Build | House |
| 13:28 | Build | Stone Wall |
| 13:48 | Build | Gate |
| 14:01 | Build | Stone Wall |
| 14:15 | Build | Stone Wall |
| 14:19 | Build | Stone Wall |
| 15:06 | Build | Farm |
| 15:08 | Build | Farm |
| 15:09 | Build | Farm |
| 15:10 | Build | Farm |
| 15:19 | Age | Castle Age |
| 15:30 | Create | Villager (Male) |
| 15:30 | Create | Villager (Male) |
| 15:39 | Build | Town Center |
| 15:43 | Create | Villager (Male) |
| 15:43 | Create | Villager (Male) |
| 16:12 | Build | Town Center |
| 16:18 | Research | Bow Saw |
| 16:22 | Research | Horse Collar |
| 16:58 | Create | Villager (Male) |
| 17:00 | Create | Villager (Male) |
| 17:02 | Create | Villager (Male) |
| 17:04 | Create | Villager (Male) |
| 17:08 | Build | Farm |
| 17:10 | Create | Villager (Male) |
| 17:29 | Build | Farm |
| 17:38 | Create | Villager (Male) |
| 17:41 | Build | Farm |
| 17:54 | Create | Villager (Male) |
| 18:06 | Build | Outpost |
| 18:16 | Build | Farm |
| 18:17 | Build | Farm |
| 18:19 | Create | Villager (Male) |
| 18:24 | Build | Farm |
| 18:26 | Build | Farm |
| 18:39 | Create | Villager (Male) |
| 18:46 | Build | Farm |
| 18:47 | Build | Farm |
| 18:48 | Build | Farm |
| 18:52 | Build | Farm |
| 18:54 | Create | Villager (Male) |
| 18:55 | Build | Farm |
| 19:06 | Build | Farm |
| 19:07 | Build | Farm |
| 19:08 | Build | Farm |
| 19:09 | Build | Farm |
| 19:12 | Create | Villager (Male) |
| 19:27 | Create | Villager (Male) |
| 19:28 | Create | Villager (Male) |
| 19:31 | Build | Farm |
| 19:38 | Build | Farm |
| 19:39 | Build | Farm |
| 19:46 | Create | Villager (Male) |
| 19:47 | Create | Villager (Male) |
| 19:54 | Build | Outpost |
| 20:00 | Create | Villager (Male) |
| 20:04 | Create | Villager (Male) |
| 20:13 | Create | Villager (Male) |
| 20:14 | Create | Villager (Male) |
| 20:20 | Build | House |
| 20:24 | Create | Villager (Male) |
| 20:28 | Build | Farm |
| 20:29 | Build | Farm |
| 20:30 | Build | Farm |
| 20:32 | Create | Villager (Male) |
| 20:35 | Create | Villager (Male) |
| 20:42 | Create | Villager (Male) |
| 20:46 | Build | House |
| 21:04 | Build | House |
| 21:07 | Create | Villager (Male) |
| 21:08 | Create | Villager (Male) |
| 21:09 | Create | Villager (Male) |
| 21:10 | Create | Villager (Male) |
| 21:24 | Build | Town Center |
| 21:29 | Create | Villager (Male) |
| 21:32 | Create | Villager (Male) |
| 21:34 | Research | Gold Mining |
| 21:38 | Research | Stone Mining |
| 21:42 | Create | Villager (Male) |
| 21:47 | Build | House |
| 21:52 | Create | Villager (Male) |
| 22:14 | Research | Gold Mining |
| 22:17 | Research | Heavy Plow |
| 22:18 | Create | Villager (Male) |
| 22:20 | Create | Villager (Male) |
| 22:22 | Create | Villager (Male) |
| 22:26 | Create | Villager (Male) |
| 22:37 | Create | Villager (Male) |
| 22:37 | Create | Villager (Male) |
| 22:41 | Create | Villager (Male) |
| 23:13 | Create | Villager (Male) |
| 23:20 | Build | Castle |
| 23:25 | Research | Town Watch |
| 23:27 | Research | Hand Cart |
| 23:32 | Create | Villager (Male) |
| 23:36 | Research | Town Watch |
| 23:37 | Create | Villager (Male) |
| 23:37 | Create | Villager (Male) |
| 23:57 | Create | Villager (Male) |
| 23:57 | Create | Villager (Male) |
| 24:01 | Create | Villager (Male) |
| 24:03 | Create | Villager (Male) |
Build order — Lazerkats
First 150 of 716 actions detected
| 0:02 | Build | House |
| 0:04 | Build | House |
| 0:05 | Create | Villager (Male) |
| 0:05 | Create | Villager (Male) |
| 0:05 | Create | Villager (Male) |
| 0:06 | Create | Villager (Male) |
| 0:06 | Create | Villager (Male) |
| 0:06 | Create | Villager (Male) |
| 1:32 | Create | Villager (Male) |
| 1:32 | Create | Villager (Male) |
| 2:16 | Create | Villager (Male) |
| 2:25 | Create | Villager (Male) |
| 2:31 | Build | Lumber Camp |
| 2:59 | Create | Villager (Male) |
| 3:23 | Create | Villager (Male) |
| 3:24 | Create | Villager (Male) |
| 3:29 | Build | House |
| 3:48 | Create | Villager (Male) |
| 4:06 | Create | Villager (Male) |
| 4:07 | Create | Villager (Male) |
| 4:21 | Build | House |
| 4:52 | Create | Villager (Male) |
| 4:55 | Create | Villager (Male) |
| 4:55 | Create | Villager (Male) |
| 4:55 | Create | Villager (Male) |
| 5:41 | Create | Villager (Male) |
| 5:41 | Create | Villager (Male) |
| 6:07 | Create | Villager (Male) |
| 6:07 | Create | Villager (Male) |
| 6:07 | Create | Villager (Male) |
| 6:07 | Create | Villager (Male) |
| 6:11 | Build | Mill |
| 7:56 | Build | House |
| 8:09 | Research | Feudal Age |
| 8:24 | Build | Lumber Camp |
| 8:28 | Build | Farm |
| 8:30 | Build | Mining Camp |
| 8:41 | Create | Villager (Male) |
| 8:41 | Create | Villager (Male) |
| 8:47 | Build | Palisade Wall |
| 8:54 | Build | Farm |
| 9:37 | Build | Farm |
| 9:47 | Build | Farm |
| 9:48 | Create | Villager (Male) |
| 9:48 | Create | Villager (Male) |
| 10:29 | Age | Feudal Age |
| 10:31 | Build | Blacksmith |
| 10:46 | Build | Market |
| 11:06 | Build | Farm |
| 11:16 | Build | Farm |
| 11:20 | Create | Villager (Male) |
| 11:39 | Create | Villager (Male) |
| 11:43 | Build | Farm |
| 11:45 | Create | Villager (Male) |
| 11:54 | Build | House |
| 11:55 | Build | House |
| 12:20 | Create | Villager (Male) |
| 12:34 | Create | Villager (Male) |
| 12:35 | Create | Villager (Male) |
| 12:42 | Build | Farm |
| 13:00 | Build | Farm |
| 13:05 | Build | Farm |
| 13:07 | Create | Villager (Male) |
| 13:34 | Research | Castle Age |
| 13:35 | Research | Loom |
| 14:03 | Create | Villager (Male) |
| 14:03 | Create | Villager (Male) |
| 14:09 | Build | Farm |
| 14:40 | Build | Barracks |
| 14:48 | Research | Double-Bit Axe |
| 14:51 | Research | Horse Collar |
| 15:48 | Build | Stable |
| 16:08 | Age | Castle Age |
| 16:15 | Research | Heavy Plow |
| 16:24 | Create | Knight |
| 16:25 | Create | Knight |
| 16:30 | Build | House |
| 16:31 | Build | House |
| 17:01 | Create | Villager (Male) |
| 17:06 | Build | Mining Camp |
| 17:09 | Build | House |
| 17:23 | Create | Knight |
| 17:54 | Create | Knight |
| 18:05 | Create | Villager (Male) |
| 18:05 | Create | Villager (Male) |
| 18:08 | Build | Town Center |
| 18:28 | Build | House |
| 18:30 | Create | Knight |
| 18:57 | Create | Villager (Male) |
| 18:58 | Create | Villager (Male) |
| 19:00 | Create | Knight |
| 19:00 | Create | Knight |
| 19:05 | Build | House |
| 19:12 | Create | Villager (Male) |
| 19:12 | Create | Villager (Male) |
| 19:14 | Create | Knight |
| 19:39 | Create | Knight |
| 19:56 | Create | Villager (Male) |
| 19:56 | Create | Villager (Male) |
| 19:57 | Create | Villager (Male) |
| 19:58 | Create | Villager (Male) |
| 19:58 | Create | Villager (Male) |
| 20:51 | Create | Villager (Male) |
| 20:51 | Create | Villager (Male) |
| 20:53 | Create | Knight |
| 20:53 | Create | Knight |
| 20:54 | Create | Knight |
| 20:57 | Create | Villager (Male) |
| 20:57 | Create | Villager (Male) |
| 21:30 | Create | Villager (Male) |
| 21:32 | Build | Stable |
| 21:34 | Create | Villager (Male) |
| 21:34 | Create | Villager (Male) |
| 21:34 | Create | Villager (Male) |
| 21:38 | Build | Mill |
| 21:39 | Build | Farm |
| 21:39 | Build | Farm |
| 21:39 | Build | Farm |
| 21:39 | Build | Farm |
| 21:39 | Build | Farm |
| 21:40 | Build | Farm |
| 21:40 | Build | Farm |
| 21:44 | Build | Town Center |
| 21:54 | Create | Knight |
| 22:01 | Build | Farm |
| 22:02 | Build | Farm |
| 22:03 | Create | Villager (Male) |
| 22:22 | Create | Villager (Male) |
| 22:29 | Build | Farm |
| 22:30 | Create | Villager (Male) |
| 22:33 | Build | House |
| 22:34 | Build | House |
| 22:57 | Build | Farm |
| 22:57 | Build | Farm |
| 22:57 | Build | Farm |
| 22:57 | Build | Farm |
| 22:57 | Build | Farm |
| 23:01 | Create | Villager (Male) |
| 23:01 | Create | Villager (Male) |
| 23:02 | Create | Villager (Male) |
| 23:04 | Research | Wheelbarrow |
| 23:09 | Build | House |
| 23:27 | Create | Villager (Male) |
| 23:27 | Create | Villager (Male) |
| 23:27 | Create | Villager (Male) |
| 23:33 | Create | Knight |
| 23:58 | Research | Bloodlines |
| 24:15 | Create | Villager (Male) |
| 24:16 | Create | Villager (Male) |
| 24:16 | Create | Villager (Male) |
Build order — Roy
First 150 of 1217 actions detected
| 0:02 | Create | Villager (Male) |
| 0:02 | Create | Villager (Male) |
| 0:02 | Create | Villager (Male) |
| 0:02 | Create | Villager (Male) |
| 0:02 | Create | Villager (Male) |
| 0:04 | Build | House |
| 0:06 | Build | House |
| 1:33 | Create | Villager (Male) |
| 1:33 | Create | Villager (Male) |
| 1:33 | Create | Villager (Male) |
| 1:33 | Create | Villager (Male) |
| 1:33 | Create | Villager (Male) |
| 1:33 | Create | Villager (Male) |
| 1:59 | Build | Lumber Camp |
| 2:07 | Create | Villager (Male) |
| 2:07 | Create | Villager (Male) |
| 2:07 | Create | Villager (Male) |
| 2:07 | Create | Villager (Male) |
| 2:21 | Create | Villager (Male) |
| 2:21 | Create | Villager (Male) |
| 2:21 | Create | Villager (Male) |
| 2:21 | Create | Villager (Male) |
| 2:52 | Create | Villager (Male) |
| 2:52 | Create | Villager (Male) |
| 2:52 | Create | Villager (Male) |
| 2:52 | Create | Villager (Male) |
| 2:52 | Create | Villager (Male) |
| 3:18 | Create | Villager (Male) |
| 3:29 | Build | House |
| 3:49 | Create | Villager (Male) |
| 4:04 | Create | Villager (Male) |
| 4:04 | Create | Villager (Male) |
| 4:04 | Create | Villager (Male) |
| 4:04 | Create | Villager (Male) |
| 4:14 | Build | House |
| 4:25 | Create | Villager (Male) |
| 4:38 | Build | House |
| 4:49 | Build | Mill |
| 5:30 | Create | Villager (Male) |
| 5:42 | Create | Villager (Male) |
| 6:09 | Create | Villager (Male) |
| 6:13 | Create | Villager (Male) |
| 6:47 | Build | Farm |
| 7:02 | Create | Villager (Male) |
| 7:02 | Create | Villager (Male) |
| 7:58 | Create | Villager (Male) |
| 8:00 | Create | Villager (Male) |
| 8:00 | Create | Villager (Male) |
| 8:15 | Build | Palisade Wall |
| 8:17 | Build | Palisade Gate |
| 8:37 | Build | Farm |
| 8:41 | Build | Farm |
| 8:45 | Build | Farm |
| 9:21 | Build | Farm |
| 9:28 | Research | Feudal Age |
| 9:44 | Build | Mining Camp |
| 10:18 | Create | Villager (Male) |
| 10:19 | Create | Villager (Male) |
| 10:40 | Build | Barracks |
| 11:38 | Age | Feudal Age |
| 11:52 | Build | Archery Range |
| 12:09 | Build | Blacksmith |
| 12:29 | Create | Villager (Male) |
| 12:50 | Build | House |
| 13:06 | Research | Castle Age |
| 13:22 | Research | Double-Bit Axe |
| 13:29 | Build | House |
| 13:37 | Build | Farm |
| 13:40 | Build | Farm |
| 13:59 | Research | Horse Collar |
| 14:02 | Build | House |
| 15:12 | Research | Wheelbarrow |
| 15:46 | Age | Castle Age |
| 15:49 | Build | Town Center |
| 15:50 | Create | Unit 1952 |
| 15:55 | Research | Bow Saw |
| 15:59 | Create | Unit 1952 |
| 16:09 | Research | Heavy Plow |
| 16:51 | Build | Town Center |
| 17:02 | Create | Villager (Male) |
| 17:05 | Create | Unit 1952 |
| 17:15 | Create | Villager (Male) |
| 17:27 | Create | Unit 1952 |
| 17:39 | Create | Villager (Male) |
| 17:55 | Create | Villager (Male) |
| 17:55 | Create | Villager (Male) |
| 17:55 | Create | Villager (Male) |
| 17:55 | Create | Villager (Male) |
| 17:55 | Create | Villager (Male) |
| 17:55 | Create | Villager (Male) |
| 17:55 | Create | Villager (Male) |
| 18:11 | Build | Farm |
| 18:13 | Build | Farm |
| 18:14 | Build | Farm |
| 18:23 | Create | Villager (Male) |
| 18:23 | Create | Villager (Male) |
| 18:23 | Create | Villager (Male) |
| 18:23 | Create | Villager (Male) |
| 18:23 | Create | Villager (Male) |
| 18:23 | Create | Villager (Male) |
| 18:23 | Create | Villager (Male) |
| 18:31 | Build | Farm |
| 18:32 | Create | Unit 1952 |
| 18:33 | Create | Unit 1952 |
| 18:33 | Create | Unit 1952 |
| 18:33 | Create | Unit 1952 |
| 18:33 | Create | Unit 1952 |
| 18:33 | Create | Unit 1952 |
| 18:57 | Create | Unit 1952 |
| 18:57 | Create | Unit 1952 |
| 18:57 | Create | Unit 1952 |
| 19:28 | Build | Farm |
| 20:10 | Create | Unit 1952 |
| 20:21 | Create | Unit 1952 |
| 20:21 | Create | Unit 1952 |
| 20:22 | Create | Unit 1952 |
| 20:22 | Create | Unit 1952 |
| 20:25 | Create | Villager (Male) |
| 20:25 | Create | Villager (Male) |
| 20:25 | Create | Villager (Male) |
| 20:26 | Create | Villager (Male) |
| 20:26 | Create | Villager (Male) |
| 20:29 | Build | Farm |
| 20:30 | Build | Farm |
| 20:45 | Research | Fletching |
| 20:46 | Research | Padded Archer Armor |
| 20:51 | Create | Unit 1952 |
| 20:53 | Create | Villager (Male) |
| 20:53 | Create | Villager (Male) |
| 20:53 | Create | Villager (Male) |
| 20:54 | Create | Villager (Male) |
| 20:55 | Create | Villager (Male) |
| 20:58 | Build | Farm |
| 20:59 | Build | Farm |
| 21:21 | Build | Lumber Camp |
| 21:39 | Build | House |
| 21:39 | Build | House |
| 21:54 | Research | Bodkin Arrow |
| 22:17 | Create | Villager (Male) |
| 22:17 | Create | Villager (Male) |
| 22:17 | Create | Villager (Male) |
| 22:34 | Build | Stable |
| 22:42 | Create | Unit 1952 |
| 22:57 | Build | House |
| 22:58 | Build | House |
| 22:58 | Build | House |
| 23:26 | Create | Villager (Male) |
| 23:26 | Create | Villager (Male) |
| 23:28 | Create | Villager (Male) |
| 23:28 | Create | Villager (Male) |
Build order — Camagroc
First 150 of 732 actions detected
| 0:01 | Create | Villager (Male) |
| 0:02 | Create | Villager (Male) |
| 0:02 | Create | Villager (Male) |
| 0:04 | Build | House |
| 0:05 | Build | House |
| 0:16 | Create | Villager (Male) |
| 1:28 | Create | Villager (Male) |
| 1:28 | Create | Villager (Male) |
| 1:49 | Build | Lumber Camp |
| 2:04 | Create | Villager (Male) |
| 2:04 | Create | Villager (Male) |
| 2:16 | Create | Villager (Male) |
| 2:46 | Create | Villager (Male) |
| 3:03 | Create | Villager (Male) |
| 3:30 | Create | Villager (Male) |
| 3:31 | Create | Villager (Male) |
| 4:02 | Build | House |
| 4:03 | Create | Villager (Male) |
| 4:04 | Create | Villager (Male) |
| 4:25 | Build | House |
| 4:48 | Build | Mill |
| 4:57 | Create | Villager (Male) |
| 4:57 | Create | Villager (Male) |
| 5:05 | Create | Villager (Male) |
| 5:05 | Create | Villager (Male) |
| 5:37 | Create | Villager (Male) |
| 5:37 | Create | Villager (Male) |
| 5:38 | Create | Villager (Male) |
| 6:05 | Create | Villager (Male) |
| 7:09 | Create | Villager (Male) |
| 7:09 | Create | Villager (Male) |
| 7:43 | Create | Villager (Male) |
| 7:44 | Create | Villager (Male) |
| 8:59 | Research | Feudal Age |
| 9:06 | Build | Mining Camp |
| 9:23 | Build | Barracks |
| 10:23 | Build | House |
| 10:25 | Build | House |
| 10:37 | Build | Farm |
| 10:38 | Build | Farm |
| 10:38 | Build | Farm |
| 10:38 | Build | Farm |
| 10:38 | Build | Farm |
| 11:17 | Age | Feudal Age |
| 11:36 | Build | Stable |
| 11:49 | Create | Villager (Male) |
| 11:49 | Create | Villager (Male) |
| 11:50 | Create | Villager (Male) |
| 12:20 | Build | Blacksmith |
| 12:32 | Build | Palisade Wall |
| 12:33 | Build | Palisade Wall |
| 12:44 | Build | Gate |
| 12:48 | Build | Palisade Gate |
| 12:54 | Create | Villager (Male) |
| 12:54 | Create | Villager (Male) |
| 13:00 | Build | Farm |
| 13:40 | Build | Farm |
| 13:41 | Build | Farm |
| 13:59 | Research | Castle Age |
| 14:50 | Build | Mining Camp |
| 14:53 | Research | Double-Bit Axe |
| 14:55 | Research | Horse Collar |
| 15:12 | Create | Spearman |
| 15:12 | Create | Spearman |
| 15:24 | Create | Spearman |
| 15:50 | Create | Spearman |
| 15:50 | Create | Spearman |
| 16:27 | Create | Spearman |
| 16:39 | Age | Castle Age |
| 16:53 | Build | Town Center |
| 17:16 | Research | Town Watch |
| 17:50 | Create | Villager (Male) |
| 17:50 | Create | Villager (Male) |
| 17:50 | Create | Villager (Male) |
| 17:56 | Build | House |
| 18:04 | Create | Villager (Male) |
| 18:04 | Create | Villager (Male) |
| 18:04 | Create | Villager (Male) |
| 18:05 | Create | Villager (Male) |
| 18:16 | Research | Loom |
| 18:30 | Create | Villager (Male) |
| 18:30 | Create | Villager (Male) |
| 18:30 | Create | Villager (Male) |
| 18:53 | Create | Villager (Male) |
| 18:54 | Create | Villager (Male) |
| 19:26 | Build | Monastery |
| 19:33 | Create | Villager (Male) |
| 19:33 | Create | Villager (Male) |
| 19:33 | Create | Villager (Male) |
| 20:04 | Create | Villager (Male) |
| 20:04 | Create | Villager (Male) |
| 20:23 | Build | Town Center |
| 20:40 | Build | House |
| 20:43 | Build | House |
| 20:45 | Create | Monk |
| 21:07 | Build | Farm |
| 21:07 | Build | Farm |
| 21:07 | Build | Farm |
| 21:08 | Build | Farm |
| 21:08 | Build | Farm |
| 21:14 | Build | Farm |
| 21:15 | Build | Farm |
| 21:15 | Build | Farm |
| 21:25 | Research | Wheelbarrow |
| 21:28 | Create | Villager (Male) |
| 21:28 | Create | Villager (Male) |
| 21:45 | Build | Farm |
| 22:00 | Create | Villager (Male) |
| 22:06 | Build | House |
| 22:07 | Build | House |
| 22:10 | Create | Villager (Male) |
| 22:10 | Create | Villager (Male) |
| 22:14 | Build | Farm |
| 22:23 | Build | Farm |
| 22:35 | Build | Farm |
| 22:35 | Build | Farm |
| 22:37 | Create | Villager (Male) |
| 22:37 | Create | Villager (Male) |
| 22:56 | Build | Farm |
| 22:57 | Create | Villager (Male) |
| 22:57 | Create | Villager (Male) |
| 22:59 | Build | House |
| 23:02 | Build | House |
| 23:05 | Create | Villager (Male) |
| 23:05 | Create | Villager (Male) |
| 23:12 | Build | Farm |
| 23:12 | Build | Farm |
| 23:12 | Build | Farm |
| 23:13 | Build | Farm |
| 23:13 | Build | Farm |
| 23:43 | Create | Spearman |
| 23:44 | Create | Spearman |
| 23:44 | Create | Spearman |
| 23:44 | Create | Spearman |
| 23:48 | Build | House |
| 24:45 | Create | Spearman |
| 24:45 | Create | Spearman |
| 24:52 | Research | Forging |
| 25:46 | Build | House |
| 26:06 | Research | Squires |
| 26:12 | Create | Villager (Male) |
| 26:12 | Create | Villager (Male) |
| 26:12 | Create | Villager (Male) |
| 26:35 | Build | Castle |
| 26:39 | Create | Villager (Male) |
| 26:39 | Create | Villager (Male) |
| 26:40 | Create | Villager (Male) |
| 26:40 | Create | Villager (Male) |
| 26:55 | Create | Villager (Male) |
| 26:55 | Create | Villager (Male) |
Match timeline
| 4:50 | deju30 · wall_segment Palisade Wall x4 |
| 5:37 | [AJJRR] Minillop · first_building Barracks |
| 7:15 | [AJJRR] Minillop · wall_segment Palisade Wall x1 |
| 8:05 | [AJJRR] Minillop · wall_segment Palisade Wall x3 |
| 8:15 | Roy · wall_segment Palisade Wall x8 |
| 8:29 | Weed Haven · first_building Barracks |
| 8:47 | Lazerkats · wall_segment Palisade Wall x6 |
| 9:23 | Camagroc · first_building Barracks |
| 10:04 | Weed Haven · first_building Stable |
| 10:29 | Lazerkats · age_up feudal |
| 10:40 | Roy · first_building Barracks |
| 10:56 | deju30 · age_up feudal |
| 11:14 | [AJJRR] Minillop · age_up feudal |
| 11:17 | Camagroc · age_up feudal |
| 11:36 | Camagroc · first_building Stable |
| 11:38 | Roy · age_up feudal |
| 11:52 | Roy · first_building Archery Range |
| 12:28 | [AJJRR] Minillop · first_market_sell 100 stone |
| 12:32 | Camagroc · wall_segment Palisade Wall x1 |
| 12:33 | [AJJRR] Minillop · first_market_buy 100 food |
| 12:33 | Camagroc · wall_segment Palisade Wall x1 |
| 13:28 | deju30 · wall_segment Stone Wall x5 |
| 14:01 | deju30 · wall_segment Stone Wall x4 |
| 14:15 | deju30 · wall_segment Stone Wall x2 |
| 14:19 | deju30 · wall_segment Stone Wall x4 |
| 14:40 | Lazerkats · first_building Barracks |
| 15:19 | deju30 · age_up castle |
| 15:34 | [AJJRR] Minillop · age_up castle |
| 15:46 | Roy · age_up castle |
| 15:48 | Lazerkats · first_building Stable |
| 16:05 | deju30 · first_market_buy 100 stone |
| 16:08 | Lazerkats · age_up castle |
| 16:39 | Camagroc · age_up castle |
| 19:26 | Camagroc · first_building Monastery |
| 22:34 | Roy · first_building Stable |
| 23:20 | deju30 · first_building Castle |
| 23:27 | Weed Haven · first_market_buy 100 food |
| 26:35 | Camagroc · first_building Castle |
| 27:36 | Lazerkats · first_building Castle |
| 27:45 | deju30 · first_market_sell 100 wood |
| 27:51 | Lazerkats · first_market_buy 100 food |
| 28:22 | Camagroc · wall_segment Stone Wall x1 |
| 28:23 | Camagroc · wall_segment Stone Wall x1 |
| 28:38 | Weed Haven · first_building Monastery |
| 28:50 | deju30 · first_building Barracks |
| 29:57 | Weed Haven · first_building Castle |
| 31:00 | deju30 · age_up imperial |
| 31:07 | Lazerkats · first_market_sell 100 stone |
| 32:12 | Roy · first_building Monastery |
| 32:23 | Lazerkats · first_building Monastery |
| 33:08 | [AJJRR] Minillop · first_building Castle |
| 33:40 | Lazerkats · wall_segment Stone Wall x10 |
| 33:45 | Camagroc · first_building Archery Range |
| 33:57 | Roy · first_building Castle |
| 33:59 | Lazerkats · age_up imperial |
| 34:11 | Camagroc · wall_segment Palisade Wall x1 |
| 34:53 | Lazerkats · first_building Archery Range |
| 36:48 | Roy · age_up imperial |
| 40:26 | Camagroc · age_up imperial |
| 40:34 | Roy · first_building Siege Workshop |
| 41:43 | [AJJRR] Minillop · first_building Archery Range |
| 42:19 | Camagroc · first_market_buy 100 stone |
| 42:36 | Camagroc · first_building Siege Workshop |
| 43:50 | [AJJRR] Minillop · tribute_sent a jugador 1 |
| 43:50 | [AJJRR] Minillop · tribute_sent a jugador 2 |
| 43:50 | [AJJRR] Minillop · tribute_sent a jugador 3 |
| 43:50 | [AJJRR] Minillop · tribute_sent a jugador 5 |
| 43:50 | [AJJRR] Minillop · tribute_sent a jugador 6 |
| 45:12 | deju30 · first_building Stable |
| 45:16 | deju30 · first_building Siege Workshop |
| 45:24 | [AJJRR] Minillop · age_up imperial |
| 45:28 | Weed Haven · first_building Siege Workshop |
| 51:52 | Camagroc · first_market_sell 100 wood |
| 52:01 | [AJJRR] Minillop · tribute_sent a jugador 1 |
| 52:01 | [AJJRR] Minillop · tribute_sent a jugador 2 |
| 52:01 | [AJJRR] Minillop · tribute_sent a jugador 3 |
| 52:01 | [AJJRR] Minillop · tribute_sent a jugador 5 |
| 52:01 | [AJJRR] Minillop · tribute_sent a jugador 6 |
| 56:02 | Weed Haven · first_market_sell 100 wood |
| 60:36 | Roy · first_market_sell 100 stone |
| 61:31 | [AJJRR] Minillop · first_building Siege Workshop |
| 63:15 | deju30 · tribute_sent a jugador 1 |
| 63:15 | deju30 · tribute_sent a jugador 3 |
| 63:15 | deju30 · tribute_sent a jugador 4 |
| 63:15 | deju30 · tribute_sent a jugador 5 |
| 63:15 | deju30 · tribute_sent a jugador 6 |
| 69:24 | Weed Haven · resign |
[ AI ANALYSIS · 1 CREDIT ]
What really happened in this match?
Wolo.gg analyzes every decision: build order, eco, micro, common mistakes by bracket. Personalized analysis on WhatsApp or Discord in 30 seconds.
Civ guide
Wu
Perfil
[AJJRR] Minillop